 Dungeon Crawl Stone Soup version 0.28.0-53-g5a82cb258f (webtiles) character file.

Game seed: 16740394790718805665

627 concernfroge the Skirmisher (level 7, -21/55 HPs)
             Began as a Mummy Cinder Acolyte on June 18, 2022.
             Was an Initiate of Ignis.
             Demolished by an ogre
             ... wielding a +0 giant club
              (26 damage)
             ... on level 5 of the Dungeon.
             The game lasted 00:17:07 (5711 turns).

concernfroge the Skirmisher (Mummy Cinder Acolyte)  Turns: 5711, Time: 00:17:07

Health: -21/55     AC:  4    Str: 17    XL:     7   Next: 23%
Magic:  3/14       EV: 11    Int: 15    God:    Ignis [......]
Gold:   316        SH:  0    Dex:  8    Spells: 13/15 levels left

rFire   . . .      SeeInvis .     - Unarmed
rCold   + . .      Faith    .   (no shield)
rNeg    + + +      Spirit   .   a - +1 robe
rPois   ∞          Reflect  .   (no helmet)
rElec   .          Harm     .   (no cloak)
rCorr   .          Rampage  .   c - +0 pair of gloves
Will    .....                   (no boots)
Stlth   +.........              (no amulet)
HPRegen 0.18/turn               (no ring)
MPRegen 0.14/turn               (no ring)

@: no status effects
A: cold resistance 1, negative energy resistance 3, torment resistance 2, heat
vulnerability 1, no potions
a: Renounce Religion


You were on level 5 of the Dungeon.
You worshipped Ignis.
Ignis was noncommittal.
You visited 1 branch of the dungeon, and saw 5 of its levels.

You collected 316 gold pieces.

Inventory:

Armour
 a - a +1 robe (worn)
 c - a +0 pair of gloves (worn)
Wands
 b - a wand of flame (9)
Scrolls
 d - a scroll of identify
 e - a scroll of noise
 f - a scroll of enchant weapon
 g - 4 scrolls of teleportation
 k - 3 scrolls of holy word


   Skills:
 + Level 4.9 Fighting
 + Level 4.0 Unarmed Combat
 + Level 4.8 Spellcasting
 + Level 4.0 Fire Magic


You had 13 spell levels left.
You knew the following spells:

 Your Spells              Type           Power      Damage    Failure   Level
a - Scorch                Fire           30%        2d7       4%          2

Your spell library contained the following spells:

 Spells                   Type           Power      Damage    Failure   Level
 Dazzling Flash           Conj/Hex       6%         N/A       45%         3
 Iskenderun's Mystic Bla  Conj/Tloc      3%         2d3       86%         4
 Petrify                  Tmut/Erth      3%         N/A       86%         4
 Iron Shot                Conj/Erth      1%         9d1       100%        6
 Starburst                Conj/Fire      4%         6d4       100%        6


Dungeon Overview and Level Annotations

Branches:
Dungeon (5/15)
 Temple: D:4-7

Altars:
Dithmenos
Fedhas
Kikubaaqudgha
Sif Muna
Xom
Zin


Innate Abilities, Weirdness & Mutations

You are immune to poison.
Your flesh is cold resistant. (rC+)
You are immune to negative energy. (rN+++)
You are immune to unholy pain and torment.
You are vulnerable to heat. (rF-)
You do not drink.


Message History

The hound barely misses you. x2
You closely miss the hound.
The hound is heavily wounded.
The hound bites you but does no damage.
You completely miss the hound.
The hound is heavily wounded.
The hound bites you.
Casting: Scorch (safe; 4% risk of failure)
Confirm with . or Enter, or press ? or * to list all spells.
Flames lash the ogre.
The ogre is moderately wounded.
The ogre's fire resistance burns away.
The hound bites you. The hound barely misses you.
The ogre hits you with a +0 giant club!!
Casting: Scorch (safe; 4% risk of failure)
Confirm with . or Enter, or press ? or * to list all spells.
Flames lash the ogre.
The ogre is burned terribly!
The ogre is heavily wounded.
The hound bites you.
Casting: Scorch (safe; 4% risk of failure)
Confirm with . or Enter, or press ? or * to list all spells.
Flames lash the ogre.
The ogre is burned terribly!
The ogre is almost dead.
The hound bites you. The ogre hits you with a +0 giant club!
* * * LOW HITPOINT WARNING * * *
The hound closely misses you.
Casting: Scorch (safe; 4% risk of failure)
Confirm with . or Enter, or press ? or * to list all spells.
Flames lash the hound.
The hound is almost dead.
The hound's fire resistance burns away.
The hound bites you.
* * * LOW HITPOINT WARNING * * *
The ogre hits you with a +0 giant club.
* * * LOW HITPOINT WARNING * * *
Casting: Scorch (safe; 4% risk of failure)
Confirm with . or Enter, or press ? or * to list all spells.
Flames lash the hound.
The hound is burned terribly!
You kill the hound!
The ogre hits you with a +0 giant club!!
You die...

... #......... ......
.....##.##...... ......
................
......##........##.#....
...$.(..........##.##...
.............##..<......
...................)....
.......O##...#####.##...
#@.#..# #...... ##.#..#
#..###. ##....# #..# ##
#....## #..# #
##..[.########.####
#..............#...
#.##...#####....... #..
##.... #....... ...#
#.##..##.......


You could see an ogre (combustible).

Vanquished Creatures
  An ogre (D:5)
  A jelly (D:5)
  A crimson imp (D:5)
  A bullfrog zombie (D:5)
  4 hounds
  3 iguanas (D:5)
  A killer bee zombie (D:3)
  A hound skeleton (D:4)
  A gnoll (D:2)
  9 adders
  2 white imps (D:5)
  2 adder skeletons
  3 dart slugs
  4 orcs
  13 ball pythons
  9 endoplasms
  3 giant cockroaches
  7 goblins
  6 hobgoblins
  5 jackals
  7 quokkas
  7 bats
  3 frilled lizards
  9 kobolds
  A quokka skeleton (D:4)
  7 rats
111 creatures vanquished.

Vanquished Creatures (collateral kills)
  Ijyb (D:5)
1 creature vanquished.

Vanquished Creatures (others)
  13 foxfires (D:2)
13 creatures vanquished.

Grand Total: 125 creatures vanquished

Notes
Turn   | Place    | Note
-------+----------+-------------------------------------------
     0 | D:1      | concernfroge the Mummy Cinder Acolyte began the quest for
                  | the Orb.
     0 | D:1      | Reached XP level 1. HP: 18/18 MP: 2/2
   323 | D:1      | Reached XP level 2. HP: 8/24 MP: 4/4
   326 | D:1      | Learned a level 2 spell: Scorch
  1862 | D:2      | Reached XP level 3. HP: 27/29 MP: 3/6
  2245 | D:2      | Found a faded altar of an unknown god.
  2279 | D:1      | You fall into a shaft and drop 1 floor!
  2561 | D:2      | Reached XP level 4. HP: 33/35 MP: 7/7
  2840 | D:2      | Got Udwaar's Reference Book on the Mountains and Heat
  2984 | D:3      | Reached XP level 5. HP: 28/42 MP: 9/9
  3100 | D:3      | Found an ancient bone altar of Kikubaaqudgha.
  4017 | D:4      | Found a shimmering blue altar of Sif Muna.
  4086 | D:4      | Found a blossoming altar of Fedhas.
  4106 | D:4      | Reached XP level 6. HP: 48/48 MP: 11/11
  4162 | D:4      | Noticed a sky beast
  4173 | D:4      | Found a shadowy altar of Dithmenos.
  4246 | D:4      | HP: 1/48 [cloud of flame (21)]
  4660 | D:5      | Entered Level 5 of the Dungeon
  5129 | D:5      | Noticed Ijyb
  5138 | D:5      | Killed Ijyb
  5139 | D:5      | Reached XP level 7. HP: 9/55 MP: 5/13
  5422 | D:5      | Found a shimmering altar of Xom.
  5711 | D:5      | Demolished by an ogre

Illustrated notes

Levels and vault maps discovered:
D:1:      amcnicky_arrival_abandoned_market, layout_loops_corners,
          minmay_tromino_v2
D:2:      minmay_thinvault, layout_basic, hellmonk_ecumenical_altar_prayer_group
D:3:      layout_loops_ring, lemuel_doored_altar, grunt_ministairs_15
D:4:      layout_basic, mainiacjoe_overflow_boulevard, amcnicky_altar_gilded,
          grunt_temple_overflow_open, lightli_corner_chamber
D:5:      layout_rooms, mainiacjoe_overflow_surrounded_room,
          nicolae_qazlal_general_emergency, temple_fountains,
          minmay_fire_ice_demons, uniq_ijyb, uniq_crazy_yiuf_cottage

Skill      XL: |  1  2  3  4  5  6  7 |
---------------+----------------------+-----
Spellcasting   | 2 3 4 |  4.8
Unarmed Combat | 3 4 |  4.0
Fire Magic     | 3 4 |  4.0
Fighting       | 4 |  4.9

Action                   |  1- 3 |  4- 6 |  7- 9 || total
-------------------------+-------+-------+-------++-------
Melee: Unarmed           |    74 |   149 |    21 ||   244
       Punch             |       |     4 |       ||     4
 Cast: Scorch            |    27 |    14 |    17 ||    58
Invok: Fiery Armour      |     2 |     8 |       ||    10
       Rising Flame      |     1 |       |       ||     1
       Foxfire Swarm     |       |     2 |       ||     2
  Use: Scroll            |       |    12 |       ||    12
Armor: Robe              |     9 |    45 |     9 ||    63
Dodge: Dodged            |    48 |    93 |    10 ||   151
